 Dungeon Crawl Stone Soup version 0.22-b1-21-g5cfc168 (webtiles) character file.

1278 letownia2 the Insei (level 8, -8/58 HPs)
             Began as a Demonspawn Transmuter on Aug 5, 2018.
             Mangled by Duvessa
             ... wielding a +0 short sword
              (10 damage)
             ... on level 6 of the Dungeon.
             The game lasted 00:23:18 (3288 turns).

letownia2 the Insei (Demonspawn Transmuter)         Turns: 3288, Time: 00:23:19

Health: -8/58      AC:  2    Str: 13    XL:     8   Next: 29%
Magic:  4/11       EV: 19    Int: 15    God:
Gold:   308        SH:  0    Dex: 18    Spells: 5/11 levels left

rFire    . . .     SeeInvis .     - Unarmed
rCold    . . .     Gourm    .   (shield currently unavailable)
rNeg     . . .     Faith    .   (armour currently unavailable)
rPois    x         Spirit   .   (helmet currently unavailable)
rElec    .         Reflect  .   (cloak currently unavailable)
rCorr    .         Harm     .   (gloves currently unavailable)
MR       .....                  (boots currently unavailable)
Stlth    ++........             (no amulet)
HPRegen  0.19/turn              (no ring)
MPRegen  0.12/turn              (no ring)

@: spider-form (expiring), very slightly contaminated, drained
A: tiny, powered by death 2
a: End Transformation


You were on level 6 of the Dungeon.
You were not hungry.
You were a venomous arachnid creature.
You visited 1 branch of the dungeon, and saw 6 of its levels.

You collected 308 gold pieces.

Inventory:

Hand Weapons
 b - the +12 Vampire's Tooth {vamp}
   (You found it on level 6 of the Dungeon)

   It inflicts no extra harm, but heals its wielder when it wounds a living foe.
 d - a +0 hunting sling
 E - a +0 shortbow
 M - a +1 trident of piercing
Missiles
 a - 73 arrows
 e - 7 javelins
 i - 40 sling bullets
 k - a throwing net (quivered)
 n - 20 stones
 F - 14 tomahawks
 H - 32 poisoned needles
Armour
 c - a +0 ring mail
 h - a +1 pair of gloves (melded)
 l - a cursed +0 leather armour (melded)
 q - a +0 helmet
 x - a +0 scale mail
 D - a +0 cloak (melded)
Wands
 A - a wand of polymorph (10)
 B - a wand of iceblast (20)
 J - a wand of acid (7)
Scrolls
 f - 7 scrolls of identify
 g - 3 scrolls of enchant armour
 j - 2 scrolls of enchant weapon {unknown}
 o - 7 scrolls of remove curse {unknown}
 p - a scroll of immolation {unknown}
 r - 2 scrolls of fog {unknown}
 u - 2 scrolls of teleportation {unknown}
 w - a scroll of magic mapping {unknown}
 y - a scroll of random uselessness {unknown}
 K - a scroll of blinking {unknown}
Potions
 s - 2 potions of experience {unknown}
 t - a potion of brilliance {unknown}
 v - a potion of might
 z - 3 potions of flight {unknown}
 C - 2 potions of curing
 G - a potion of agility {unknown}
 I - a potion of haste {unknown}
Comestibles
 m - 8 rations


   Skills:
 - Level 3.3(2.4) Fighting
 - Level 3.1(2.3) Armour
 - Level 2.3(1.5) Dodging
 + Level 7.1(6.2) Unarmed Combat
 - Level 2.0(1.1) Spellcasting
 - Level 3.7(2.9) Transmutations
 - Level 2.1(1.3) Poison Magic


You had 5 spell levels left.
You knew the following spells:

 Your Spells              Type           Power        Failure   Level  Hunger
a - Beastly Appendage     Tmut           #.....       21%         1    ##.....
l - Sticks to Snakes      Tmut           #.......     26%         2    ###....
p - Spider Form           Tmut/Pois      #.........   52%         3    ####...

Your spell library contained the following spells:

 Spells                   Type           Power        Failure   Level  Hunger
 Blade Hands              Tmut           #.........   97%         5    ######.
 Ice Form                 Ice/Tmut       #.......     92%         4    #####..


Dungeon Overview and Level Annotations

Branches:
Dungeon (6/15)
 Temple: D:4-7

Altars:
Hepliaklqana
Makhleb
Nemelex Xobeh
Okawaru
Sif Muna

Annotations:
D:2 Sigmund
D:5 Prince Ribbit
D:6 Duvessa


Innate Abilities, Weirdness & Mutations

((You have sharp toenails.))
((You are partially covered in iridescent scales. (AC +2)))
((Your flesh is cold resistant. (rC+)))
You regenerate health from kills.


Message History

You hit Duvessa but do no damage.
Duvessa looks as sick as possible!
Duvessa is severely wounded.
Duvessa barely misses you.
Unknown command.
You barely miss Duvessa.
Duvessa is severely wounded.
Duvessa hits you with a short sword.
Unknown command.
You hit Duvessa but do no damage.
Duvessa looks as sick as possible!
Duvessa is almost dead.
Duvessa hits you with a short sword!
* * * LOW HITPOINT WARNING * * *
Unknown command.
Unknown command.
You hit Duvessa but do no damage.
Duvessa looks as sick as possible!
Duvessa is almost dead.
Duvessa hits you with a short sword!
* * * LOW HITPOINT WARNING * * *
Duvessa hits you with a short sword!
You die...

#.........#
###.e######
##[# #)# #.#
#.##
#..##########
##.##).......
##..e#s#######
#...[.e#
#....[..#
#.......#
#.......#
##......#
##...#.#
#####.# .#


You could see Duvessa (berserk).

Vanquished Creatures
  Edmund (D:6)
  A phantom (D:4)
  A sky beast (D:5)
  2 ogres
  2 centaurs (D:5)
  Blork the orc (D:5)
  Dowan (D:6)
  2 vampire bats (D:6)
  A hound (D:3)
  A jelly (D:5)
  3 iguanas (D:5)
  3 worker ants (D:4)
  A hound skeleton (D:4)
  Robin (D:2)
  9 adders
  3 shadow imps (D:5)
  An ooze (D:2)
  2 worms (D:2)
  2 dart slugs
  4 leopard geckos
  6 orcs
  A ball python (D:1)
  4 giant cockroaches
  20 goblins
  10 hobgoblins
  5 jackals
  A quokka (D:3)
  11 bats
  3 frilled lizards
  10 kobolds
  10 rats
123 creatures vanquished.

Vanquished Creatures (collateral kills)
  A jelly (D:5)
  2 adders (D:2)
  A bat (D:3)
  A frilled lizard (D:2)
5 creatures vanquished.

Vanquished Creatures (others)
  A plant (D:4)
1 creature vanquished.

Grand Total: 129 creatures vanquished

Notes
Turn   | Place    | Note
-------+----------+-------------------------------------------
     0 | D:1      | letownia2 the Demonspawn Transmuter began the quest for the Orb.
     0 | D:1      | Reached XP level 1. HP: 15/15 MP: 3/3
   122 | D:1      | Gained mutation: You regenerate a little health from kills. [demonic ancestry]
   122 | D:1      | Reached XP level 2. HP: 7/21 MP: 3/5
   254 | D:1      | Learned a level 2 spell: Sticks to Snakes
   293 | D:1      | Reached skill level 3 in Unarmed Combat
   348 | D:1      | Reached skill level 1 in Armour
   451 | D:2      | Reached XP level 3. HP: 12/26 MP: 2/6
   616 | D:2      | Noticed Sigmund
   636 | D:1      | Learned a level 3 spell: Spider Form
   841 | D:2      | Noticed Robin
   854 | D:2      | Mutation became permanent: You have razor-sharp toenails. [demonic ancestry]
   854 | D:2      | Gained mutation: You have claws for feet. [demonic ancestry]
   854 | D:2      | Reached XP level 4. HP: 12/32 MP: 5/7
  1003 | D:2      | Reached skill level 4 in Unarmed Combat
  1025 | D:2      | Killed Robin
  1353 | D:4      | Noticed a phantom
  1416 | D:3      | Gained mutation: You regenerate health from kills. [demonic ancestry]
  1416 | D:3      | Reached XP level 5. HP: 14/37 MP: 5/8
  1528 | D:3      | Found a hazy altar of Hepliaklqana.
  1878 | D:4      | Reached skill level 5 in Unarmed Combat
  1878 | D:4      | Reached skill level 1 in Poison Magic
  2028 | D:4      | Gained mutation: Your flesh is cold resistant. (rC+) [demonic ancestry]
  2028 | D:4      | Reached XP level 6. HP: 30/43 MP: 6/9
  2320 | D:5      | Entered Level 5 of the Dungeon
  2421 | D:5      | Noticed a sky beast
  2426 | D:5      | Reached skill level 6 in Unarmed Combat
  2426 | D:5      | Gained mutation: You are partially covered in iridescent scales. (AC +2) [demonic ancestry]
  2426 | D:5      | Reached XP level 7. HP: 42/48 MP: 3/10
  2641 | D:5      | Found a burning altar of Makhleb.
  2642 | D:5      | Found a deep blue altar of Sif Muna.
  2642 | D:5      | Noticed Prince Ribbit
  2651 | D:5      | Noticed Blork the orc
  2668 | D:5      | Killed Blork the orc
  2701 | D:5      | Found a sparkling altar of Nemelex Xobeh.
  2703 | D:5      | Found an iron altar of Okawaru.
  3093 | D:6      | Noticed Edmund
  3110 | D:6      | Killed Edmund
  3110 | D:6      | Reached XP level 8. HP: 38/57 MP: 5/11
  3120 | D:6      | Found the +12 Vampire's Tooth {vamp}
  3158 | D:6      | Reached skill level 7 in Unarmed Combat
  3190 | D:6      | Noticed Dowan
  3191 | D:6      | Noticed Duvessa
  3226 | D:6      | Killed Dowan
  3288 | D:6      | HP: 2/58 [Duvessa/short sword (11)]
  3288 | D:6      | Mangled by Duvessa

Skill      XL: |  1  2  3  4  5  6  7  8 |
---------------+-------------------------+-----
Transmutations | 2 3 |  3.7
Unarmed Combat | 3 4 5 6 7 |  7.1
Armour         | 1 2 3 |  3.1
Poison Magic   | 1 2 |  2.1
Dodging        | 2 |  2.3
Fighting       | 2 3 |  3.3
Spellcasting   | |  2.0

Action                   |  1- 3 |  4- 6 |  7- 9 || total
-------------------------+-------+-------+-------++-------
Melee: Unarmed           |   135 |   196 |   139 ||   470
       Headbutt          |    11 |     4 |     1 ||    16
       Kick              |     5 |    26 |    15 ||    46
       Punch             |     1 |     2 |       ||     3
 Fire: Hunting sling     |     7 |    15 |       ||    22
Throw: Throwing net      |       |     1 |       ||     1
 Cast: Beastly Appendage |    17 |    14 |     2 ||    33
       Sticks to Snakes  |     2 |    10 |     8 ||    20
       Spider Form       |       |     7 |    10 ||    17
  Use: Scroll            |       |     1 |     1 ||     2
 Stab: Distracted        |     1 |       |     1 ||     2
  Eat: Chunk             |       |     8 |     6 ||    14
Armor: Ring mail         |    41 |       |       ||    41
       Leather armour    |     6 |    49 |    30 ||    85
       Skin              |       |     1 |     5 ||     6
Dodge: Dodged            |    75 |   102 |   111 ||   288
